 Dungeon Crawl Stone Soup version 0.18.1-48-g4cf74bf (webtiles) character file.

3189 hairmachine the Cruncher (level 9, -24/68 HPs)
             Began as a Minotaur Gladiator on July 4, 2016.
             Was a Believer of Zin.
             Annihilated by a large abomination (26 damage)
             ... on level 2 of the Abyss.
             The game lasted 00:28:35 (9147 turns).

hairmachine the Cruncher (Minotaur Gladiator)       Turns: 9147, Time: 00:28:36

Health: -24/68     AC: 16    Str: 16    XL:     9   Next: 64%
Magic:  12/12      EV:  8    Int:  1    God:    Zin [**....]
Gold:   351        SH:  0    Dex: 14    Spells: 0 memorised, 8 levels left

rFire  . . .     SeeInvis .     a - +0 quarterstaff
rCold  . . .     Gourm    .     B - +0 storm dragon armour
rNeg   . . .     Faith    .     (shield currently unavailable)
rPois  +         Spirit   .     c - +0 hat
rElec  +         Dismiss  .     C - +0 cloak {+Inv}
rCorr  .         Reflect  .     (no gloves)
SustAt .         Harm     .     A - +0 pair of boots
MR     +....                    (no amulet)
Stlth  ..........               b - ring of poison resistance (curse)
                                s - ring of protection from magic

@: about to teleport, slowed, very slow, somewhat resistant to hostile
enchantments, extremely unstealthy
A: retaliatory headbutt, horns 2, dopey 2, slow regeneration 2, weak 2
a: Recite, Vitalisation, Donate Gold, Renounce Religion, Evoke Invisibility


You were on level 2 of the Abyss.
You worshipped Zin.
Zin was pleased with you.
You were very hungry.

You visited 2 branches of the dungeon, and saw 10 of its levels.
You visited the Abyss 1 time.

You collected 390 gold pieces.
You donated 39 gold pieces to Zin.

Inventory:

Hand Weapons
 a - a +0 quarterstaff (weapon)
Missiles
 w - a throwing net
 E - 10 tomahawks (quivered)
Armour
 c - a +0 hat (worn)
 A - a +0 pair of boots (worn)
 B - a +0 storm dragon armour (worn)
 C - a +0 cloak of invisibility (worn)
Jewellery
 b - a cursed ring of poison resistance (right hand)
 s - a ring of protection from magic (left hand)
Wands
 d - a wand of slowing (19/48)
Scrolls
 e - 2 scrolls of teleportation
 g - 2 scrolls of remove curse
 i - a scroll of torment {unknown}
 k - 2 scrolls of magic mapping
 n - 2 scrolls of identify
 p - 2 scrolls of enchant weapon
 t - 2 scrolls of fog
 u - 2 scrolls of amnesia {unknown}
 v - a scroll of fear {unknown}
 y - a scroll of blinking {unknown}
 z - 2 scrolls of immolation {unknown}
Potions
 m - 2 potions of curing
 q - 3 potions of flight
 x - a potion of mutation {unknown}
Comestibles
 f - 6 bread rations
 h - a slice of pizza
 j - 8 meat rations
 l - 7 fruits
 o - a royal jelly


   Skills:
 - Level 2.4 Fighting
 - Level 11.2 Staves
 - Level 2.0 Throwing
 + Level 8.5 Armour
 - Level 3.2 Dodging
 + Level 6.4 Evocations


You had 8 spell levels left.
You didn't know any spells.

Dungeon Overview and Level Annotations

Branches:
Dungeon (9/15)             Temple (1/1) D:6
   Lair: D:8-11         Orc: D:9-12

Altars:
Ashenzari
Cheibriados
Dithmenos
Elyvilon
Fedhas
Gozag
Kikubaaqudgha
Makhleb
Nemelex Xobeh
Pakellas
Qazlal
Ru
Sif Muna
Trog
Vehumet
Xom
Yredelemnul
Zin
The Shining One

Shops:
D:2 }   D:7 %

Annotations:
D:9 Psyche


Innate Abilities, Weirdness & Mutations

You reflexively headbutt those who attack you in melee.
You have a pair of horns on your head.
[You are very dopey. (Int -4)]
[You do not regenerate naturally when monsters are visible.]
[You are very weak. (Str -4)]


Message History

The orange demon twists and deforms.
A large abomination comes into view.
An orc sorcerer comes into view. It is wielding a dagger of venom.
The orc sorcerer shouts!
The large abomination hits you!
* * * LOW HITPOINT WARNING * * *
The orange demon stings you from afar.
* * * LOW HITPOINT WARNING * * *
Read which item? (? for menu, Esc to quit)
As you read the scroll of teleportation, it crumbles to dust.
You feel strangely unstable.
You feel the power of the Abyss delaying your translocation!
The ufetubus disappears in a puff of smoke!
The large abomination hits you!
* * * LOW HITPOINT WARNING * * *
The orange demon stings you but does no damage.
The large abomination hits you but does no damage.
The orc sorcerer mumbles some strange words.
The large abomination hits you!!
You die...

.. #. . #.. ##
#.####### #.. #..
#....§#.### #. . ..#
.# #.5##. .# #
#..####.###5..#.#? #
.#.4#.#.#.*.h#§##.#
## .o#..oX#.4# . ..#
# . #..@#.# .#..##
#..*.
#...#...###.#.553#..
#..#...##.# .## ###
.. ## ..... .#.. . #
# #.##..# .#. ##
..#.. #. .... .. .
.# # #. #.##. .# #.#
# .# ##. ..#.# #. #
.


You could see a large abomination, an ice devil and an orc sorcerer.

Vanquished Creatures
  Sigmund (D:9)
  2 humans (D:9)
  A steam dragon (D:6)
  A water moccasin (D:8)
  An ice beast (D:6)
  A sky beast (D:6)
  A black bear (D:7)
  An eye of draining (D:8)
  A necrophage (D:8)
  4 ogres
  3 centaurs
  6 giant frogs
  2 scorpions
  The ghost of Wardy the Skirmisher, a weakling DgFi (D:3)
  2 hounds
  A giant frog skeleton (D:4)
  A gnoll shaman (D:4)
  3 orc priests
  4 iguanas
  A centaur skeleton (D:6)
  Terence (D:3)
  6 orc wizards
  4 worker ants
  A killer bee zombie (D:8)
  2 hound zombies
  A hound skeleton (D:8)
  8 gnolls
  8 adders
  3 shadow imps
  2 oozes
  2 adder zombies
  3 worms (D:2)
  2 adder skeletons
  A dart slug (D:3)
  7 giant geckos
  16 orcs
  5 giant cockroaches
  7 goblins
  5 hobgoblins
  16 jackals
  3 quokkas
  2 ball pythons
  8 bats
  5 giant newts
  6 kobolds
  9 rats
171 creatures vanquished.

Vanquished Creatures (others)
  6 starspawn tentacles (Abyss:2)
  26 starspawn tentacle segments (Abyss:2)
32 creatures vanquished.

Grand Total: 203 creatures vanquished

Notes
Turn   | Place    | Note
--------------------------------------------------------------
     0 | D:1      | hairmachine the Minotaur Gladiator began the quest for the Orb.
     0 | D:1      | Reached XP level 1. HP: 18/18 MP: 0/0
    44 | D:1      | Reached skill level 4 in Staves
   104 | D:1      | Reached XP level 2. HP: 25/25 MP: 1/1
   332 | D:1      | You fall through a shaft!
   441 | D:2      | Reached skill level 5 in Staves
   542 | D:2      | Reached XP level 3. HP: 30/30 MP: 2/2
   616 | D:2      | Found an oddly glowing altar of Pakellas.
   616 | D:2      | Found Pakellas's Prime Provisions.
  1120 | D:2      | Found a faded altar to an unknown god.
  1650 | D:2      | Reached skill level 6 in Staves
  1650 | D:2      | Reached XP level 4. HP: 37/37 MP: 3/3
  1908 | D:3      | Noticed Terence
  2143 | D:3      | Found a radiant altar of Vehumet.
  2160 | D:3      | Noticed Wardy's ghost (weakling DgFi)
  2198 | D:3      | Killed Wardy's ghost
  2198 | D:3      | Reached skill level 7 in Staves
  2198 | D:3      | Reached XP level 5. HP: 27/42 MP: 4/4
  2667 | D:3      | Killed Terence
  2892 | D:3      | Reached skill level 8 in Staves
  3066 | D:3      | Gained mutation: You are somewhat resistant to further mutation. [potion of beneficial mutation]
  3118 | D:4      | Reached XP level 6. HP: 44/50 MP: 5/5
  3162 | D:4      | Found a shimmering altar of Xom.
  3456 | D:4      | Found an ancient bone altar of Kikubaaqudgha.
  3501 | D:4      | Reached skill level 9 in Staves
  3990 | D:4      | Reached skill level 1 in Armour
  3990 | D:4      | Reached XP level 7. HP: 56/56 MP: 6/6
  4275 | D:5      | Entered Level 5 of the Dungeon
  4275 | D:5      | Found a blossoming altar of Fedhas.
  4648 | D:4      | Reached skill level 1 in Evocations
  4843 | D:5      | Reached skill level 10 in Staves
  5551 | D:6      | Reached XP level 8. HP: 52/62 MP: 8/8
  6133 | D:6      | Found a sparkling altar of Nemelex Xobeh.
  6187 | D:6      | Reached skill level 5 in Armour
  6327 | D:6      | Found a staircase to the Ecumenical Temple.
  6530 | D:6      | Reached skill level 11 in Staves
  6877 | D:6      | Lost mutation: You are somewhat resistant to further mutation. [potion of cure mutation]
  7035 | D:7      | Found Pits's Food Shop.
  7308 | D:7      | Reached XP level 9. HP: 52/68 MP: 11/11
  7486 | D:7      | Reached skill level 5 in Evocations
  7557 | D:7      | Found a sparkling altar of Nemelex Xobeh.
  7760 | Temple   | Entered the Ecumenical Temple
  7906 | Temple   | Became a worshipper of Zin the Law-Giver
  7906 | Temple   | Reached * piety under Zin
  7985 | D:8      | Found a burning altar of Makhleb.
  8034 | D:8      | Reached ** piety under Zin
  8252 | D:8      | Found a basalt altar of Yredelemnul.
  8255 | D:8      | Found a stormy altar of Qazlal.
  8255 | D:8      | Found a bloodstained altar of Trog.
  8258 | D:8      | Found a shattered altar of Ashenzari.
  8511 | D:8      | Found a deep blue altar of Sif Muna.
  8853 | D:9      | Found a glowing golden altar of the Shining One.
  8960 | D:9      | Noticed Sigmund
  8961 | D:9      | Noticed Psyche
  8990 | D:9      | Killed Sigmund
  8996 | D:9      | Cast into level 2 of the Abyss (Psyche)
  9008 | Abyss:2  | Found a corrupted altar of Lugonu.
  9090 | Abyss:2  | Found a corrupted altar of Lugonu.
  9102 | Abyss:2  | Noticed a wretched star
  9109 | Abyss:2  | Noticed a tentacled starspawn
  9110 | Abyss:2  | Noticed a tentacled starspawn
  9116 | Abyss:2  | Noticed an orange demon
  9138 | Abyss:2  | Noticed an apocalypse crab
  9144 | Abyss:2  | Noticed a large abomination
  9144 | Abyss:2  | Noticed an orc sorcerer
  9145 | Abyss:2  | HP: 2/68 [large abomination (14)]
  9147 | Abyss:2  | Annihilated by a large abomination

Skill      XL: |  1  2  3  4  5  6  7  8  9 |
---------------+----------------------------+-----
Staves         | 4 5 6 7 8 9 10 11 | 11.2
Armour         | 1 3 6 8 |  8.5
Evocations     | 2 4 6 |  6.4
Fighting       | |  2.4
Throwing       | |  2.0
Dodging        | |  3.2

Action                   |  1- 3 |  4- 6 |  7- 9 || total
-------------------------+-------+-------+-------++-------
Melee: Quarterstaff      |    82 |   137 |   298 ||   517
       Headbutt          |    11 |    30 |    65 ||   106
Throw: Throwing net      |     8 |     5 |     2 ||    15
       Tomahawk          |       |       |    38 ||    38
  Use: Scroll            |       |     4 |    10 ||    14
       Potion            |       |     1 |     7 ||     8
 Stab: Held in net/web   |       |     2 |     1 ||     3
  Eat: Chunk             |     2 |     7 |    12 ||    21
       Beef jerky        |       |       |     3 ||     3
Armor: Leather armour    |    15 |     9 |       ||    24
       Ring mail         |       |     7 |    34 ||    41
       Scale mail        |       |       |    29 ||    29
       Storm dragon armo |       |       |    75 ||    75
Dodge: Dodged            |    55 |    79 |   132 ||   266
